 Dungeon Crawl Stone Soup version 0.18.1-48-g4cf74bf (webtiles) character file.

63 Alarkh the Insei (level 3, -4/27 HPs)
             Began as a Vampire Skald on July 20, 2016.
             Killed from afar by an orc wizard (9 damage)
             ... with a magic dart
             ... on level 3 of the Dungeon.
             The game lasted 00:02:36 (1609 turns).

Alarkh the Insei (Vampire Skald)                    Turns: 1609, Time: 00:02:37

Health: -4/27      AC:  4    Str: 11    XL:     3   Next: 87%
Magic:  5/6        EV: 11    Int: 15    God:
Gold:   36         SH:  0    Dex: 13    Spells: 1 memorised, 5 levels left

rFire  . . .     SeeInvis +       - Unarmed
rCold  . . .     Gourm    .     a - +0 leather armour
rNeg   + . .     Faith    .     (no shield)
rPois  .         Spirit   .     (no helmet)
rElec  .         Dismiss  .     o - +0 cloak
rCorr  .         Reflect  .     (no gloves)
SustAt .         Harm     .     (no boots)
MR     .....                    (no amulet)
Stlth  +.........               (no ring)
                                k - ring of positive energy

@: infused, flying, regenerating quickly, slowed, very slow, not resistant to
hostile enchantments, very unstealthy
A: fangs 3, see invisible, unbreathing
a: no special abilities


You were on level 3 of the Dungeon.
You were full.

You visited 1 branch of the dungeon, and saw 3 of its levels.

You collected 36 gold pieces.

Inventory:

Armour
 a - a +0 leather armour (worn)
 o - a +0 cloak (worn)
Jewellery
 k - a ring of positive energy (left hand)
Scrolls
 d - a scroll of remove curse
 e - a scroll of recharging
 g - a scroll of teleportation {unknown}
 h - 2 scrolls of identify {unknown}
 i - a scroll of enchant armour {unknown}
 m - a scroll of magic mapping {unknown}
 p - a scroll of enchant weapon {unknown}
Potions
 l - a potion of mutation {unknown}
Books
 b - a book of Battle

   Spells                             Type                      Level
   a - Infusion                       Charms                       1
   b - Shroud of Golubria             Charms/Translocation         2
   c - Song of Slaying                Charms                       2
   d - Spectral Weapon                Hexes/Charms                 3
   e - Regeneration                   Charms/Necromancy            3
 n - a book of Cantrips

   Spells                             Type                      Level
   a - Corona                         Hexes                        1
   b - Animate Skeleton               Necromancy                   1
   c - Summon Small Mammal            Summoning                    1
   d - Apportation                    Translocation                1


   Skills:
 - Level 1.7 Fighting
 - Level 0.7 Armour
 - Level 1.1 Dodging
 * Level 4.6 Unarmed Combat
 - Level 2.0 Spellcasting
 - Level 3.2 Charms


You had 5 spell levels left.
You knew the following spells:

 Your Spells              Type           Power        Failure   Level  Hunger
a - Infusion              Chrm           ##..         10%         1    #......


Dungeon Overview and Level Annotations

Branches:
Dungeon (3/15)

Altars:
Cheibriados
Sif Muna


Innate Abilities, Weirdness & Mutations

Your natural rate of healing is unusually fast.
You have razor-sharp teeth.
You have supernaturally acute eyesight.
You can survive without breathing.


Message History

The orc wizard casts a spell at you. The magic dart hits you!
* * * LOW HITPOINT WARNING * * *
Drink which item? (? for menu, Esc to quit)
It was a potion of flight.
You feel very buoyant.
You fly up into the air.
The orc wizard hits you but does no damage.
The orc wizard hits you with a dagger.
* * * LOW HITPOINT WARNING * * *
The orc wizard hits you with a dagger.
* * * LOW HITPOINT WARNING * * *
Drink which item? (? for menu, Esc to quit)
It was a potion of curing.
You feel better.
The orc wizard points at you and mumbles some strange words.
The magic dart hits you!
* * * LOW HITPOINT WARNING * * *
The orc wizard gestures at you while chanting.
The magic dart hits you!
You die...

#.......#.#
.#######...#
.#.......###
##......#####
##...†.....##
##.........##
##.........#
##......).#
##.....o@#
#.....o.#
..........#
.........##
...#.....##
##########


You could see 2 orc wizards.

Vanquished Creatures
  2 adders (D:2)
  A dart slug (D:2)
  An orc (D:3)
  3 ball pythons
  6 bats
  7 goblins
  5 hobgoblins
  3 jackals (D:2)
  A quokka (D:3)
  A giant newt (D:3)
  3 kobolds
  5 rats
38 creatures vanquished.

Notes
Turn   | Place    | Note
--------------------------------------------------------------
     0 | D:1      | Alarkh the Vampire Skald began the quest for the Orb.
     0 | D:1      | Reached XP level 1. HP: 16/16 MP: 3/3
   228 | D:1      | Reached skill level 3 in Unarmed Combat
   228 | D:1      | Reached XP level 2. HP: 21/22 MP: 0/5
   908 | D:2      | Reached XP level 3. HP: 22/27 MP: 0/6
   938 | D:2      | Reached skill level 4 in Unarmed Combat
  1142 | D:2      | Found a deep blue altar of Sif Muna.
  1388 | D:3      | Found a snail-covered altar of Cheibriados.
  1609 | D:3      | Killed from afar by an orc wizard

Skill      XL: |  1  2  3 |
---------------+----------+-----
Unarmed Combat | 3 4 |  4.6
Fighting       | |  1.7
Armour         | |  0.7
Dodging        | |  1.1
Spellcasting   | |  2.0
Charms         | |  3.2

Action                   || total
-------------------------++-------
Melee: Unarmed           ||   128
       Bite              ||     9
 Cast: Infusion          ||    19
  Use: Scroll            ||     2
       Potion            ||     9
 Stab: Sleeping          ||     1
Armor: Leather armour    ||    43
Dodge: Dodged            ||    70
